 Dungeon Crawl Stone Soup version 0.29.0-4-gdea44cf6ec (webtiles) character file.

Game seed: 8575748717846082814

397 qw the Chopper (level 6, -3/38 HPs)
             Began as a Gargoyle Delver on Sept 10, 2022.
             Slain by an ogre
             ... wielding a +0 giant club
              (28 damage)
             ... on level 4 of the Dungeon.
             The game lasted 00:01:38 (5317 turns).

qw the Chopper (Gargoyle Delver)                    Turns: 5317, Time: 00:01:39

Health: -3/38      AC: 10    Str: 18    XL:     6   Next: 83%
Magic:  6/6        EV: 10    Int: 13    God:
Gold:   174        SH:  0    Dex: 14    Spells: 5/5 levels left

rFire   . . .      SeeInvis .   b - +9 broad axe "Doppaemust" {vorpal, rCorr Int+3 Dex+3}
rCold   . . .      Faith    .   (no shield)
rNeg    + . .      Spirit   .   i - +0 scale mail
rPois   inf        Reflect  .   (no helmet)
rElec   +          Harm     .   (no cloak)
rCorr   +          Rampage  .   (no gloves)
Will    .....                   (no boots)
Stlth   ++........              (no amulet)
HPRegen 0.12/turn               (no ring)
MPRegen 0.10/turn               (no ring)

@: no status effects
A: sickness immunity, AC +4, negative energy resistance 1, electricity
resistance, torment resistance 1, petrification resistance
a: no special abilities


You were on level 4 of the Dungeon.
You visited 1 branch of the dungeon, and saw 5 of its levels.

You collected 174 gold pieces.


Innate Abilities, Weirdness & Mutations

You are immune to sickness and miasma.
Your stone body is resilient. (AC +4)
You are immune to poison.
You resist negative energy. (rN+)
You are resistant to electric shocks. (rElec)
You are resistant to unholy torment.
You are immune to petrification.


   Skills:
 - Level 4.2 Fighting
 + Level 5.8 Axes
 - Level 1.5 Armour
 - Level 1.5 Dodging
 - Level 5.4 Stealth


You had 5 spell levels left.
You didn't know any spells.
Your spell library was empty.

Inventory:

Hand Weapons
 b - the +9 broad axe "Doppaemust" (weapon) {vorpal, rCorr Int+3 Dex+3}
   (You acquired it on level 1 of the Dungeon)

   It inflicts extra damage upon your enemies.
   Int:       It affects your intelligence (+3).
   Dex:       It affects your dexterity (+3).
   rCorr:     It protects you from acid and corrosion.
 h - a +0 morningstar
Armour
 i - a +0 scale mail (worn)
Wands
 g - a wand of digging (3)
Potions
 a - a potion of invisibility {unknown}
 c - a potion of heal wounds {unknown}
 d - a potion of flight {unknown}
 e - a potion of ambrosia {unknown}
 f - 2 potions of haste
 k - a potion of curing {unknown}
 l - a potion of attraction {unknown}

Dungeon Overview and Level Annotations

Branches:
Dungeon (5/15)
 Temple: D:4-7

Altars:
Dithmenos
Xom
The Shining One

Annotations:
D:3 3 runed translucent doors, qw's ghost, weakling GrDe


Message History

The black bear bites you.
The black bear claws you but does no damage. x2
The black bear bites you but does no damage.
The black bear closely misses you.
The black bear claws you but does no damage.
You slash the black bear!
The black bear is severely wounded.
The black bear bites you but does no damage.
The black bear claws you but does no damage.
The black bear barely misses you.
You barely miss the black bear.
The black bear is severely wounded.
The black bear bites you.
The black bear claws you but does no damage.
The black bear claws you.
You slash the black bear!
The black bear is almost dead.
The black bear goes berserk!
The black bear closely misses you. x2
The black bear claws you.
You slash the black bear!
You kill the black bear!
You start resting.
An ogre comes into view. It is wielding a +0 giant club.
5309 ||| Stepping ~*~*~tactically~*~*~ (stealth).
Things that are here:
a +0 club; a gnoll corpse; a hobgoblin corpse You start resting.
An ogre is nearby!
5313 ||| Stepping ~*~*~tactically~*~*~ (stealth).
A gnoll comes into view. It is wielding a +0 whip.
A gnoll comes into view. It is wielding a +0 halberd.
5314 ||| Stepping ~*~*~tactically~*~*~ (hiding).
The ogre shouts!
You hit the ogre.
The ogre is lightly wounded.
You slash the gnoll!
You kill the gnoll!
The ogre hits you with a +0 giant club!!
Ouch! That really hurt!
You die...

#.# ##.###.# #.#
......# #.# #...#
#.# #.# # #.#####
#.# ##.####.#...#
#.#
.......%..O.###.#
#..#.#O#.......#
#@.##.####.#
##g##.####.##
.###.O.....######
.# ####.###.<....
gg ... #.##### ..
###.###...... ...
#...###### #..
##..# #..#


You could see an ogre and a gnoll.

Vanquished Creatures
  A black bear (D:4)
  2 orc priests (D:3)
  A hound (D:3)
  Jessica (D:2)
  5 gnolls
  8 adders
  4 worms
  2 dart slugs (D:1)
  3 orcs (D:3)
  4 ball pythons
  4 endoplasms
  2 giant cockroaches
  3 goblins (D:1)
  9 hobgoblins
  9 kobolds
  5 quokkas
  2 bats (D:2)
  3 frilled lizards
  3 rats
71 creatures vanquished.

Notes
Turn   | Place    | Note
-------+----------+-------------------------------------------
     0 | D:5      | qw the Gargoyle Delver began the quest for the Orb.
     0 | D:5      | Reached XP level 1. HP: 14/14 MP: 1/1
     0 | D:5      | 0 ||| qw: Version: 0.1-a-116-g5d60599
     0 | D:5      | 0 ||| qw: Game counter: 9463
     0 | D:5      | 0 ||| qw: Always use a shield: true
     0 | D:5      | 0 ||| qw: God list: Okawaru
     0 | D:5      | 0 ||| qw: Allow faded altars: false
     0 | D:5      | 0 ||| qw: Do Orc after D:15 true
     0 | D:5      | 0 ||| qw: Do second Lair branch before Depths: true
     0 | D:5      | 0 ||| qw: Lair rune preference: random
     0 | D:5      | 0 ||| qw: Plans: Normal
     0 | D:5      | 0 ||| PLANNING D:1-11
     0 | D:5      | 0 ||| DROPPING scroll of fog.
     1 | D:5      | 1 ||| DROPPING scroll of magic mapping.
     2 | D:5      | 2 ||| DROPPING scroll of fear.
   167 | D:3      | Reached XP level 2. HP: 14/19 MP: 2/2
   365 | D:2      | 365 ||| READING scroll labelled ITATHITHRONO.
   382 | D:2      | Reached skill level 3 in Axes
   382 | D:2      | Reached XP level 3. HP: 13/23 MP: 3/3
   567 | D:2      | 567 ||| DRINKING 2 emerald potions.
   568 | D:2      | 568 ||| DROPPING potion of degeneration.
   646 | D:2      | 646 ||| Stepping ~*~*~tactically~*~*~ (stealth).
   647 | D:2      | 647 ||| Stepping ~*~*~tactically~*~*~ (stealth).
   650 | D:2      | 650 ||| Stepping ~*~*~tactically~*~*~ (stealth).
   651 | D:2      | 651 ||| Stepping ~*~*~tactically~*~*~ (stealth).
   679 | D:2      | HP: 3/23 [worm (4)]
   683 | D:2      | HP: 1/23 [worm (2)]
   726 | D:2      | 726 ||| Stepping ~*~*~tactically~*~*~ (stealth).
   727 | D:2      | 727 ||| Stepping ~*~*~tactically~*~*~ (stealth).
  1006 | D:2      | Found a faded altar of an unknown god.
  1042 | D:2      | Reached XP level 4. HP: 22/28 MP: 4/4
  1327 | D:2      | 1327 ||| READING scroll labelled TOHOTA JIPO.
  1474 | D:1      | 1474 ||| Stepping ~*~*~tactically~*~*~ (hiding).
  1576 | D:1      | 1576 ||| Stepping ~*~*~tactically~*~*~ (hiding).
  1678 | D:1      | 1678 ||| Stepping ~*~*~tactically~*~*~ (hiding).
  1780 | D:1      | 1780 ||| Stepping ~*~*~tactically~*~*~ (hiding).
  1882 | D:1      | 1882 ||| Stepping ~*~*~tactically~*~*~ (hiding).
  1984 | D:1      | 1984 ||| Stepping ~*~*~tactically~*~*~ (hiding).
  2086 | D:1      | 2086 ||| Stepping ~*~*~tactically~*~*~ (hiding).
  2188 | D:1      | 2188 ||| Stepping ~*~*~tactically~*~*~ (hiding).
  2290 | D:1      | 2290 ||| Stepping ~*~*~tactically~*~*~ (hiding).
  2392 | D:1      | 2392 ||| Stepping ~*~*~tactically~*~*~ (hiding).
  2494 | D:1      | 2494 ||| Stepping ~*~*~tactically~*~*~ (hiding).
  2596 | D:1      | 2596 ||| Stepping ~*~*~tactically~*~*~ (hiding).
  2698 | D:1      | 2698 ||| Stepping ~*~*~tactically~*~*~ (hiding).
  2800 | D:1      | 2800 ||| Stepping ~*~*~tactically~*~*~ (hiding).
  2801 | D:1      | 2801 ||| Stepping ~*~*~tactically~*~*~ (hiding).
  2952 | D:1      | 2952 ||| Stepping ~*~*~tactically~*~*~ (stealth).
  2954 | D:1      | 2954 ||| Stepping ~*~*~tactically~*~*~ (stealth).
  2967 | D:1      | 2967 ||| Stepping ~*~*~tactically~*~*~ (stealth).
  3030 | D:1      | 3030 ||| Stepping ~*~*~tactically~*~*~ (stealth).
  3035 | D:1      | 3035 ||| Stepping ~*~*~tactically~*~*~ (stealth).
  3271 | D:1      | 3271 ||| Stepping ~*~*~tactically~*~*~ (stealth).
  3272 | D:1      | 3272 ||| Stepping ~*~*~tactically~*~*~ (stealth).
  3304 | D:1      | 3304 ||| Stepping ~*~*~tactically~*~*~ (stealth).
  3310 | D:1      | 3310 ||| Stepping ~*~*~tactically~*~*~ (stealth).
  3445 | D:1      | 3445 ||| UPGRADING to +0 scale mail.
  3455 | D:1      | 3455 ||| DROPPING +0 leather armour.
  3456 | D:1      | 3456 ||| READING scroll labelled FIASCH BOROFOME.
  3457 | D:1      | 3457 ||| READING scroll labelled BAWKAR GEECEMU.
  3457 | D:1      | Identified a scroll of acquirement
  3457 | D:1      | 3457 ||| ACQUIRING +9 broad axe "Doppaemust" {vorpal, rCorr
                  | Int+3 Dex+3}
  3457 | D:1      | Acquired the +9 broad axe "Doppaemust" {vorpal, rCorr Int+3
                  | Dex+3}
  3459 | D:1      | 3459 ||| SWAPPING to +9 broad axe "Doppaemust" {vorpal,
                  | rCorr Int+3 Dex+3}.
  3460 | D:1      | 3460 ||| DROPPING +0 hand axe.
  3461 | D:1      | 3461 ||| READING scroll labelled WOOMOIPTYNYI.
  3486 | D:2      | Noticed Jessica
  3491 | D:2      | Killed Jessica
  3492 | D:2      | Reached skill level 1 in Armour
  3509 | D:2      | Reached XP level 5. HP: 32/32 MP: 5/5
  3905 | D:3      | 3905 ||| STAIRDANCE
  3922 | D:3      | 3922 ||| STAIRDANCE
  3974 | D:3      | 3974 ||| STAIRDANCE
  4079 | D:3      | 4079 ||| DROPPING +0 whip.
  4114 | D:3      | 4114 ||| Stepping ~*~*~tactically~*~*~ (stealth).
  4213 | D:3      | Noticed a kobold brigand
  4214 | D:3      | Found a runed translucent gate.
  4214 | D:3      | Found a runed translucent gate.
  4214 | D:3      | Noticed qw's ghost (weakling GrDe)
  4216 | D:3      | Found a runed translucent gate.
  4422 | D:3      | Found a shadowy altar of Dithmenos.
  4448 | D:3      | 4448 ||| Stepping ~*~*~tactically~*~*~ (stealth).
  4512 | D:3      | Found a shimmering altar of Xom.
  4717 | D:3      | 4717 ||| Stepping ~*~*~tactically~*~*~ (stealth).
  4719 | D:3      | 4719 ||| Stepping ~*~*~tactically~*~*~ (stealth).
  4728 | D:3      | Reached XP level 6. HP: 31/38 MP: 6/6
  4828 | D:3      | 4828 ||| DROPPING +0 flail.
  4908 | D:3      | Found a glowing golden altar of the Shining One.
  5139 | D:3      | 5139 ||| Stepping ~*~*~tactically~*~*~ (stealth).
  5141 | D:3      | 5141 ||| Stepping ~*~*~tactically~*~*~ (stealth).
  5143 | D:3      | 5143 ||| Stepping ~*~*~tactically~*~*~ (stealth).
  5145 | D:3      | 5145 ||| Stepping ~*~*~tactically~*~*~ (stealth).
  5288 | D:4      | Noticed a black bear
  5299 | D:4      | Killed a black bear
  5309 | D:4      | 5309 ||| Stepping ~*~*~tactically~*~*~ (stealth).
  5313 | D:4      | 5313 ||| Stepping ~*~*~tactically~*~*~ (stealth).
  5314 | D:4      | 5314 ||| Stepping ~*~*~tactically~*~*~ (hiding).
  5317 | D:4      | Slain by an ogre

Levels and vault maps discovered:
D:1:      saegor_arrival_simple_a, layout_rooms
D:2:      layout_basic, hellmonk_ecumenical_altar_arch_garden, uniq_jessica
D:3:      layout_basic, lemuel_coloured_pillars_altar, grunt_dithmenos_smoke,
          nicolae_tso_carved_into_rock, gammafunk_ghost_nasty_kobolds
D:4:      layout_loops_ring
D:5:      layout_rooms

Skill      XL: |  1  2  3  4  5  6 |
---------------+-------------------+-----
Axes           | 2 3 4 5 |  5.8
Armour         | 1 |  1.5
Fighting       | 4 |  4.2
Dodging        | |  1.5
Stealth        | |  5.4

Action                   |  1- 3 |  4- 6 || total
-------------------------+-------+-------++-------
Melee: Hand axe          |    86 |    62 ||   148
       Punch             |     1 |     4 ||     5
       Broad axe         |       |    64 ||    64
  Use: Scroll            |     1 |     4 ||     5
       Potion            |     1 |       ||     1
 Stab: Sleeping          |       |     2 ||     2
Armor: Leather armour    |    36 |    16 ||    52
       Scale mail        |       |    26 ||    26
Dodge: Dodged            |    51 |    66 ||   117

Table legend:
 A = Non-vault XP
 B = Vault XP
 C = Vault XP percentage of total XP
 D = Non-vault monster count
 E = Vault monster count
 F = Vault count percentage of total count
                 A         B        C        D         E       F
            +---------+---------+-------+---------+---------+-------
      Total |     546 |      37 |   6.3 |      70 |       1 |   1.4
            +---------+---------+-------+---------+---------+-------
        D:1 |      39 |       0 |   0.0 |      21 |       0 |   0.0
        D:2 |     104 |      37 |  26.2 |      21 |       1 |   4.5
        D:3 |     228 |       0 |   0.0 |      20 |       0 |   0.0
        D:4 |     175 |       0 |   0.0 |       8 |       0 |   0.0
            +---------+---------+-------+---------+---------+-------
